 Dungeon Crawl Stone Soup version 0.23.0-3-gf3c87f2 (webtiles) character file.

Game seed: 8937754863383039266

190 xccam the Ruffian (level 5, 0/50 HPs)
             Began as a Troll Monk on Feb 23, 2019.
             Slain by a gnoll
             ... wielding a +0 halberd
              (11 damage)
             ... on level 3 of the Dungeon.
             The game lasted 00:03:17 (1530 turns).

xccam the Ruffian (Troll Monk)                      Turns: 1530, Time: 00:03:17

Health: 0/50       AC:  6    Str: 20    XL:     5   Next: 41%
Magic:  4/4        EV:  5    Int:  6    God:
Gold:   70         SH:  0    Dex: 12    Spells: 4/4 levels left

rFire    . . .     SeeInvis .     - Unarmed
rCold    . . .     Gourm    +   (no shield)
rNeg     . . .     Faith    .   a - +0 robe
rPois    .         Spirit   .   (helmet restricted)
rElec    .         Reflect  .   (no cloak)
rCorr    .         Harm     .   (gloves unavailable)
MR       .....                  (boots unavailable)
Stlth    ++........             (no amulet)
HPRegen  0.56/turn              (no ring)
MPRegen  0.09/turn              (no ring)

@: held
A: large, unfitting armour, claws 3, fast metabolism 3, gourmand, regeneration
1, shaggy fur 1, tough skin 3
a: no special abilities


You were on level 3 of the Dungeon.
You were very full.

You visited 1 branch of the dungeon, and saw 3 of its levels.

You collected 70 gold pieces.

Inventory:

Armour
 a - a +0 robe (worn)
Jewellery
 g - an uncursed amulet of faith
Scrolls
 c - 5 scrolls of identify {unknown}
 d - a scroll of immolation {unknown}
 e - 2 scrolls of amnesia {unknown}
 f - 2 scrolls of enchant weapon {unknown}
 j - 3 scrolls of teleportation {unknown}
 k - a scroll of enchant armour {unknown}
Potions
 h - a potion of agility {unknown}
 i - a potion of might {unknown}
 l - a potion of brilliance {unknown}
 n - a potion of berserk rage {unknown}
Comestibles
 b - 8 rations


   Skills:
 + Level 2.5 Fighting
 + Level 2.5 Dodging
 - Level 1.0 Stealth
 + Level 6.1 Unarmed Combat


You had 4 spell levels left.
You didn't know any spells.
Your spell library was empty.

Dungeon Overview and Level Annotations

Branches:
Dungeon (3/15)

Altars:
Gozag
Sif Muna
Yredelemnul


Innate Abilities, Weirdness & Mutations

You are too large for most types of armour.
You have claws for hands.
Your metabolism is lightning-fast.
You like to eat raw meat.
Your natural rate of healing is unusually fast.
You are covered in fur. (AC +1)
You have extremely tough skin. (AC +3)


Message History

The kobold throws a stone.
The stone hits you but does no damage.
You see here a stone.
Things that are here:
a stone; a +0 flail You barely miss the kobold.
The kobold closely misses you.
You scratch the kobold.
You kill the kobold!
The gnoll barely misses you.
The gnoll throws a throwing net.
The throwing net hits you.
You become entangled in the net!
Things that are here:
a throwing net; a stone You struggle against the net.
You struggle against the net.
The gnoll barely misses you.
You struggle against the net.
The gnoll hits you from afar with a +0 halberd!
* * * LOW HITPOINT WARNING * * *
You struggle against the net.
The gnoll hits you from afar with a +0 halberd!
You die...

#.# ##.#### #.#
#..†..# .. #.....#
#.# #.....# ..
##.#### #. #.#
##.###.######.#
.....(...(@(g.#
#.####(#####.#####
.........gK)((..(.#
......##.####(###.#
...... #.####(###
..... #..g.((..#
.?...........)#.#
.... .........#.#
##'# .........# #


You could see a gnoll.

Vanquished Creatures
  A hound (D:2)
  Jessica (D:3)
  3 gnolls (D:3)
  3 adders
  A shadow imp (D:3)
  2 worms
  A dart slug (D:2)
  2 leopard geckos (D:2)
  An orc (D:2)
  2 giant cockroaches (D:2)
  6 goblins
  7 hobgoblins
  8 jackals (D:1)
  A quokka (D:2)
  A ball python (D:2)
  4 bats (D:1)
  3 frilled lizards
  10 kobolds
  9 rats
66 creatures vanquished.

Notes
Turn   | Place    | Note
-------+----------+-------------------------------------------
     0 | D:1      | xccam the Troll Monk began the quest for the Orb.
     0 | D:1      | Reached XP level 1. HP: 22/22 MP: 0/0
   125 | D:1      | Reached XP level 2. HP: 29/29 MP: 1/1
   369 | D:1      | Reached skill level 4 in Unarmed Combat
   431 | D:1      | Reached XP level 3. HP: 35/36 MP: 2/2
   658 | D:2      | Found an opulent altar of Gozag.
   666 | D:2      | Reached XP level 4. HP: 42/44 MP: 3/3
   691 | D:2      | Reached skill level 5 in Unarmed Combat
   744 | D:2      | Found a deep blue altar of Sif Muna.
   747 | D:2      | Found a basalt altar of Yredelemnul.
  1296 | D:3      | Noticed Jessica
  1302 | D:3      | Killed Jessica
  1302 | D:3      | Reached XP level 5. HP: 43/50 MP: 4/4
  1500 | D:3      | Reached skill level 6 in Unarmed Combat
  1530 | D:3      | Slain by a gnoll

Skill      XL: |  1  2  3  4  5 |
---------------+----------------+-----
Unarmed Combat | 4 5 6 |  6.1
Fighting       | |  2.5
Dodging        | |  2.5
Stealth        | |  1.0

Action                   |  1- 3 |  4- 6 || total
-------------------------+-------+-------++-------
Melee: Unarmed           |    81 |    74 ||   155
       Punch             |     1 |       ||     1
 Stab: Sleeping          |     3 |     1 ||     4
  Eat: Chunk             |    12 |     6 ||    18
Armor: Robe              |    34 |    17 ||    51
Dodge: Dodged            |    42 |    34 ||    76
